[Event "fics rated crazyhouse match"]
[Site "fics, Oklahoma City, OK USA"]
[Date "2000.10.28"]
[White "Thufir"]
[WhiteElo "2364"]
[Black "LINDEGREN"]
[BlackElo "2398"]
[TimeControl "120+0"]
[Result "0-1"]

1. e4 Nf6 2. e5 Nd5 3. d4 e6 4. Nf3 d6 5. Be2 Nc6 6. O-O 
Bd7 7. c4 Nb6 8. exd6 Bxd6 9. Be3 P@d5 10. c5 O-O 11. cxd6 cxd6 
12. Nc3 f5 13. Bg5 P@f6 14. Bh4 Qe7 15. P@e5 dxe5 16. dxe5 Qf7 17. exf6 
gxf6 18. B@c5 P@g4 19. Bxb6 P@g7 20. Bc5 gxf3 21. Bxf3 Ne5 22. N@e7+ Kh8 
23. P@f4 Nxf3+ 24. Qxf3 B@g4 25. Qg3 N@e4 26. Nxe4 dxe4 27. N@d4 Rac8 28. Ba3 
Rc4 29. Qe3 Rxd4 30. P@g6 hxg6 31. Nxg6+ Qxg6 32. Bxf8 N@h3+ 33. Kh1 P@f3 
34. N@e1 fxg2+ 35. Nxg2 P@f3 36. Ne1 Nxf4 37. P@g2 Nxg2 38. R@d8 N@e8 39. Nxg2 
fxg2+ 40. Kg1 N@h3+ 41. Kxg2 P@f3+ 42. Kg3 N@h5# 
{Thufir checkmated} 0-1

[Event "fics rated crazyhouse match"]
[Site "fics, Oklahoma City, OK USA"]
[Date "2000.10.28"]
[White "LINDEGREN"]
[WhiteElo "2405"]
[Black "Thufir"]
[BlackElo "2357"]
[TimeControl "120+0"]
[Result "1-0"]

1. e4 e6 2. Nc3 Nc6 3. d4 Nf6 4. e5 Nd5 5. Nxd5 exd5 6. Nf3 
d6 7. Be2 dxe5 8. Nxe5 Be7 9. Nxc6 bxc6 10. N@h5 Rg8 11. N@e5 P@b7 
12. O-O N@h4 13. Bg4 Bxg4 14. Qxg4 B@f5 15. Nxg7+ Kf8 16. Bh6 Bxg4 17. Nxg4 
Rxg7 18. Bxg7+ Ke8 19. R@g8+ Kd7 20. Rxd8+ Rxd8 21. Ne5+ Kc8 22. B@h3+ N@g4 
23. Nxg4 N@e2+ 24. Kh1 Nf4 25. P@a6 R@b6 26. axb7+ Rxb7 27. B@a6 Nxh3 28. Bxb7+ 
Kxb7 29. N@a5+ Kc8 30. Q@b7+ Kd7 31. Qxc6+ Kc8 32. P@b7+ Kb8 33. R@a8# 
{Thufir checkmated} 1-0

[Event "fics rated crazyhouse match"]
[Site "fics, Oklahoma City, OK USA"]
[Date "2000.10.28"]
[White "Thufir"]
[WhiteElo "2350"]
[Black "LINDEGREN"]
[BlackElo "2412"]
[TimeControl "120+0"]
[Result "1-0"]

1. e4 Nf6 2. e5 Nd5 3. d4 e6 4. Nf3 d6 5. Be2 Nc6 6. O-O 
Bd7 7. c4 Nb6 8. exd6 cxd6 9. Be3 Ne7 10. Nc3 Nf5 11. d5 Nxe3 
12. fxe3 B@h6 13. N@g4 Rg8 14. Nxh6 gxh6 15. B@d4 e5 16. Bxb6 axb6 17. P@c7 
Qxc7 18. N@f6+ Kd8 19. Nxg8 B@e7 20. Nxe7 Bxe7 21. R@g8+ N@e8 22. B@b5 P@c6 
23. dxc6 bxc6 24. Nd5 cxd5 25. Bxd7 Qxd7 26. cxd5 P@b7 27. P@c6 bxc6 28. dxc6 
Qxc6 29. B@b5 B@d7 30. Bxc6 Bxc6 31. Nxe5 B@d5 32. P@b7 Rb8 33. P@a7 Rxb7 
34. a8=Q+ N@c8 35. P@b5 Bd7 36. Qxd5 Rc7 37. Nxf7# 
{LINDEGREN checkmated} 1-0

[Event "fics rated crazyhouse match"]
[Site "fics, Oklahoma City, OK USA"]
[Date "2000.10.28"]
[White "LINDEGREN"]
[WhiteElo "2403"]
[Black "Thufir"]
[BlackElo "2359"]
[TimeControl "120+0"]
[Result "1-0"]

1. e4 e6 2. Nc3 Nc6 3. d4 Nf6 4. a3 d5 5. exd5 exd5 6. Nf3 
Be7 7. Bb5 Bd7 8. Bxc6 bxc6 9. Ne5 O-O 10. P@h6 gxh6 11. Bxh6 Re8 
12. Nxf7 Kxf7 13. N@e5+ Ke6 14. P@f7 Bf8 15. fxe8=Q+ Qxe8 16. P@f7 Qc8 17. Bg5 
B@g7 18. Bxf6 Bxf6 19. N@g8 B@g7 20. R@e8+ Bxe8 21. fxe8=Q+ Qxe8 22. B@f7+ Qxf7 
23. Nxf7 Kxf7 24. Nxf6 Bxf6 25. B@e5 Re8 26. O-O Bxe5 27. dxe5 Rxe5 28. Qg4 
B@f5 29. B@g8+ Ke8 30. Rae1 B@e4 31. Nxe4 Bxg4 32. Nf6+ Ke7 33. Rxe5+ Kd6 
34. Ne8+ Kxe5 35. Q@f6+ Ke4 36. B@d3# 
{Thufir checkmated} 1-0

[Event "fics rated crazyhouse match"]
[Site "fics, Oklahoma City, OK USA"]
[Date "2000.10.28"]
[White "Thufir"]
[WhiteElo "2352"]
[Black "LINDEGREN"]
[BlackElo "2410"]
[TimeControl "120+0"]
[Result "0-1"]

1. e4 Nf6 2. e5 Nd5 3. d4 e6 4. Nf3 d6 5. Be2 Nc6 6. O-O 
Be7 7. c4 Nb6 8. exd6 cxd6 9. Be3 f5 10. Nc3 O-O 11. d5 exd5 
12. cxd5 Nxd5 13. Nxd5 P@e6 14. Nxe7+ Qxe7 15. B@b3 P@e4 16. Ng5 Ne5 17. Nxe6 
Bxe6 18. Bxe6+ Kh8 19. P@h6 gxh6 20. Bxh6 P@g7 21. N@d5 Qxe6 22. P@e7 Rg8 
23. Bxg7+ Rxg7 24. B@f8 Rxg2+ 25. Kxg2 N@f4+ 26. Kg3 Qg6+ 27. P@g4 N@h5+ 28. Kh4 
B@g5# 
{Thufir checkmated} 0-1

[Event "fics rated crazyhouse match"]
[Site "fics, Oklahoma City, OK USA"]
[Date "2000.10.28"]
[White "LINDEGREN"]
[WhiteElo "2417"]
[Black "Thufir"]
[BlackElo "2345"]
[TimeControl "120+0"]
[Result "0-1"]

1. e4 e6 2. Nc3 Nc6 3. d4 Nf6 4. Nf3 Bb4 5. Bd3 d5 6. exd5 
exd5 7. Qe2+ P@e4 8. Bb5 Bg4 9. Rg1 Qe7 10. P@e5 exf3 11. gxf3 Bxf3 
12. Qxf3 Ne4 13. B@d2 N@h4 14. Qg4 Bxc3 15. bxc3 N@f3+ 16. Kf1 Nxh2+ 17. Ke1 
N4f3+ 18. Kd1 Nxf2+ 19. Ke2 Nfxg4 20. Rxg4 Nxg4 21. B@g3 Ng1+ 22. Kf1 P@e2+ 
23. Bxe2 Nxe2 24. Kxe2 Q@g2+ 25. P@f2 B@f1+ 26. Ke1 R@e2+ 27. Kd1 Nxf2+ 28. Bxf2 
Qxf2 29. N@g4 Re1+ 30. Bxe1 Qe2# 
{LINDEGREN checkmated} 0-1

[Event "fics rated crazyhouse match"]
[Site "fics, Oklahoma City, OK USA"]
[Date "2000.10.28"]
[White "Thufir"]
[WhiteElo "2355"]
[Black "LINDEGREN"]
[BlackElo "2407"]
[TimeControl "120+0"]
[Result "0-1"]

1. e4 Nf6 2. Nc3 e6 3. d4 Bb4 4. Bd3 d5 5. e5 Ne4 6. Nf3 
Nc6 7. Bd2 Nxd2 8. Qxd2 Bxc3 9. bxc3 N@e4 10. Bxe4 dxe4 11. Ng5 B@g6 
12. N@h4 Nxe5 13. Nxg6 hxg6 14. Nxe4 N@f3+ 15. gxf3 Nxf3+ 16. Ke2 Nxd2 17. Nxd2 
B@g2 18. Rhg1 P@f3+ 19. Nxf3 Bxf3+ 20. Kxf3 N@h4+ 21. Ke3 Q@f3+ 22. Kd2 Qxf2+ 
23. P@e2 Nf3+ 24. Kd3 Nxg1 25. B@a4+ c6 26. Kc4 Qd5+ 27. Kb4 a5+ 28. Ka3 
P@b4+ 29. Kb2 bxc3+ 30. Kxc3 Qfxd4# 
{Thufir checkmated} 0-1

[Event "fics rated crazyhouse match"]
[Site "fics, Oklahoma City, OK USA"]
[Date "2000.10.28"]
[White "LINDEGREN"]
[WhiteElo "2414"]
[Black "Thufir"]
[BlackElo "2348"]
[TimeControl "120+0"]
[Result "1-0"]

1. e4 e6 2. d4 Nc6 3. Be3 Nf6 4. Bd3 Be7 5. Nf3 d6 6. O-O 
Ng4 7. Nc3 e5 8. d5 Nb4 9. Be2 O-O 10. a3 Na6 11. Bxa6 bxa6 
12. N@c6 Qe8 13. Nxe7+ Qxe7 14. B@f5 Bxf5 15. exf5 e4 16. Nd4 Nxe3 17. fxe3 
B@e5 18. f6 Bxf6 19. Nf5 Qe5 20. B@g3 P@f4 21. Rxf4 B@c4 22. N@g4 Qxc3 
23. bxc3 Bxc3 24. Nfh6+ gxh6 25. Nxh6+ Kh8 26. P@f6 Bxf6 27. Rxf6 B@g6 28. P@g7+ 
Kxg7 29. Nf5+ Kxf6 30. B@e7+ Kxf5 31. Q@g5# 
{Thufir checkmated} 1-0

[Event "fics rated crazyhouse match"]
[Site "fics, Oklahoma City, OK USA"]
[Date "2000.10.28"]
[White "Thufir"]
[WhiteElo "2341"]
[Black "LINDEGREN"]
[BlackElo "2421"]
[TimeControl "120+0"]
[Result "0-1"]

1. e4 Nf6 2. Nc3 e6 3. e5 Nd5 4. Nxd5 exd5 5. d4 d6 6. Nf3 
Nc6 7. Bb5 Bd7 8. Qe2 N@e4 9. exd6 Bxd6 10. P@d3 P@f5 11. dxe4 fxe4 
12. Bxc6 bxc6 13. N@h5 Rg8 14. Bg5 B@e7 15. Bxe7 Qxe7 16. B@g5 f6 17. Ne5 
Bxe5 18. dxe5 Qxe5 19. B@f4 B@a5+ 20. Kf1 Qe7 21. Bxf6 gxf6 22. N@g7+ Rxg7 
23. P@d6 P@f3 24. Nxg7+ Qxg7 25. R@e7+ Qxe7 26. dxe7 fxe2+ 27. Kg1 N@f3+ 28. gxf3 
N@h3+ 29. Kg2 Nxf4+ 30. Kg3 Q@g5+ 31. N@g4 R@h3# 
{Thufir checkmated} 0-1

[Event "fics rated crazyhouse match"]
[Site "fics, Oklahoma City, OK USA"]
[Date "2000.10.28"]
[White "LINDEGREN"]
[WhiteElo "2427"]
[Black "Thufir"]
[BlackElo "2335"]
[TimeControl "120+0"]
[Result "0-1"]

1. e4 e6 2. d4 Nc6 3. Be3 Nf6 4. Bd3 Be7 5. Nf3 d6 6. O-O 
Ng4 7. Nc3 Bd7 8. Qe2 e5 9. d5 Nb4 10. Rad1 Nxd3 11. cxd3 c6 
12. N@f5 Bxf5 13. exf5 cxd5 14. Nxd5 P@f4 15. P@e6 fxe6 16. fxe6 O-O 17. B@f7+ 
Kh8 18. Bxf4 exf4 19. Nxf4 B@f6 20. Nd4 Nh6 21. P@e3 P@e5 22. Nd5 exd4 
23. exd4 Nxf7 24. P@c7 Qe8 25. P@d7 Ng5 26. dxe8=Q Raxe8 27. P@d7 Ra8 28. c8=Q 
Raxc8 29. dxc8=Q P@f3 30. Qxf8+ Bxf8 31. Nxf6 N@h3+ 32. Kh1 fxg2+ 33. Kxg2 N@f4+ 
34. Kg3 Nxe2+ 35. Kg4 B@f3+ 36. Kf5 Nxd4# 
{LINDEGREN checkmated} 0-1

[Event "fics rated crazyhouse match"]
[Site "fics, Oklahoma City, OK USA"]
[Date "2000.10.28"]
[White "Thufir"]
[WhiteElo "2345"]
[Black "LINDEGREN"]
[BlackElo "2417"]
[TimeControl "120+0"]
[Result "1/2-1/2"]

1. e4 Nf6 2. e5 Nc6 3. exf6 gxf6 4. Nc3 d5 5. d4 Rg8 6. Nf3 
Bg4 7. Be2 P@e4 8. Nh4 Bxe2 9. Qxe2 Nxd4 10. B@a4+ B@c6 11. Qe3 Bxa4 
12. Qxd4 e5 13. Qxa4+ B@d7 14. Qb3 Bc6 15. B@b5 P@f3 16. Bxc6+ bxc6 17. gxf3 
exf3 18. Nxf3 B@e4 19. Nxe4 dxe4 20. P@e6 N@g2+ 21. Kf1 Qd1+ 22. N@e1 P@e2+ 
23. Kg1 Qxe1+ 24. Nxe1 N@h3+ 25. Qxh3 Nxe1+ 26. P@g5 N@f3+ 27. Qxf3 Nxf3+ 28. Kg2 
Q@g4+ 29. B@g3 Nh4+ 30. Kg1 e1=Q+ 31. B@f1 Nf3+ 32. Kg2 Nh4+ 33. Kg1 Nf3+ 
34. Kg2 Nh4+ 35. Kg1 Nf3+ 36. Kg2 Nh4+ 37. Kg1 
{Game drawn by repetition} 1/2-1/2

[Event "fics rated crazyhouse match"]
[Site "fics, Oklahoma City, OK USA"]
[Date "2000.10.28"]
[White "LINDEGREN"]
[WhiteElo "2415"]
[Black "Thufir"]
[BlackElo "2347"]
[TimeControl "120+0"]
[Result "0-1"]

1. e4 e6 2. Nc3 Nc6 3. d4 Bb4 4. Nf3 Nf6 5. Bd3 d5 6. exd5 
exd5 7. P@b5 Qe7+ 8. Qe2 P@e4 9. bxc6 exf3 10. Qxe7+ Bxe7 11. cxb7 fxg2 
12. bxc8=Q+ Rxc8 13. B@f3 gxh1=Q+ 14. Bxh1 R@g1+ 15. N@f1 Rxh1 16. Q@f3 B@e4 17. Bxe4 
dxe4 18. B@c6+ P@d7 19. Bxe4 Nxe4 20. Nxe4 B@h5 21. P@g4 Rg1 22. gxh5 B@a6 
23. B@e2 P@g2 24. N@e3 gxf1=Q+ 25. Nxf1 Bxe2 26. Qxe2 N@g2+ 27. Kd2 B@f4+ 28. B@e3 
Nxe3 29. fxe3 Rxf1 30. Qxf1 Bxe3+ 31. Kd1 B@g4+ 32. P@e2 Bxc1 33. Kxc1 B@g5+ 
34. P@d2 Bxh5 35. N@e5 P@e3 36. dxe3 P@d2+ 37. Nxd2 Bxe3 38. B@c3 N@f2 39. P@c6 
Rd8 40. cxd7+ Rxd7 41. Nxd7 P@g2 42. R@c8+ N@d8 43. Qe1 g1=Q 44. Qxg1 Bxd2# 
{LINDEGREN forfeits on time} 0-1

[Event "fics rated crazyhouse match"]
[Site "fics, Oklahoma City, OK USA"]
[Date "2000.10.28"]
[White "Thufir"]
[WhiteElo "2357"]
[Black "LINDEGREN"]
[BlackElo "2405"]
[TimeControl "120+0"]
[Result "1-0"]

1. e4 Nf6 2. Nc3 e6 3. d4 Bb4 4. e5 d5 5. exf6 gxf6 6. Nf3 
Rg8 7. Rg1 P@e4 8. Nh4 Nc6 9. Bb5 Bd7 10. N@h6 a6 11. Nxg8 axb5 
12. R@h8 B@f8 13. Bh6 e5 14. dxe5 Nxe5 15. P@g7 P@d3 16. gxf8=Q+ Bxf8 17. Nxd5 
P@e7 18. Bxf8 dxc2 19. Ngxf6+ exf6 20. Bd6# 
{LINDEGREN resigns} 1-0

[Event "fics rated crazyhouse match"]
[Site "fics, Oklahoma City, OK USA"]
[Date "2000.10.28"]
[White "LINDEGREN"]
[WhiteElo "2396"]
[Black "Thufir"]
[BlackElo "2366"]
[TimeControl "120+0"]
[Result "0-1"]

1. e4 e6 2. d4 Nc6 3. Be3 d6 4. Bd3 Nf6 5. Nf3 Be7 6. O-O 
Bd7 7. Nc3 Ng4 8. Qe2 e5 9. d5 Nb4 10. Rad1 c6 11. a3 Nxd3 
12. cxd3 cxd5 13. Nxd5 O-O 14. N@f5 Bxf5 15. exf5 P@f4 16. P@h3 Nxe3 17. fxe3 
fxe3 18. Nxe7+ Qxe7 19. N@d5 Qd7 20. f6 B@h6 21. B@g5 N@f4 22. Nxf4 Bxg5 
23. Nxg5 gxf6 24. N@h6+ Kh8 25. Ngxf7+ Rxf7 26. Nxf7+ Qxf7 27. P@g6 hxg6 28. R@h6+ 
P@h7 29. Nxg6+ Kg7 30. Qg4 B@g5 31. Nxe5 dxe5 32. Rh5 N@f2 33. Rxf2 exf2+ 
34. Kxf2 B@e3+ 35. Kf1 R@g1+ 36. Ke2 N@d4+ 37. Qxd4 exd4 38. N@f5+ Kh8 
{LINDEGREN forfeits on time} 0-1

[Event "fics rated crazyhouse match"]
[Site "fics, Oklahoma City, OK USA"]
[Date "2000.10.28"]
[White "Thufir"]
[WhiteElo "2375"]
[Black "LINDEGREN"]
[BlackElo "2387"]
[TimeControl "120+0"]
[Result "0-1"]

1. e4 Nf6 2. e5 Nd5 3. d4 e6 4. Nf3 d6 5. Be2 Nc6 6. O-O 
Bd7 7. c4 Nb6 8. exd6 cxd6 9. Be3 Be7 10. Nc3 O-O 11. d5 exd5 
12. cxd5 Nxd5 13. Nxd5 P@e6 14. Nxe7+ Qxe7 15. B@c2 f5 16. N@c4 P@c7 17. P@e5 
Nxe5 18. Nfxe5 dxe5 19. Nxe5 Bc6 20. Nxc6 bxc6 21. N@e5 N@h4 22. Nxc6 Qf7 
23. P@e7 Nxg2 24. B@f3 Nxe3 25. fxe3 N@h3+ 26. Kh1 N@f2+ 27. Rxf2 Nxf2+ 28. Kg2 
Nxd1 29. Rxd1 P@h3+ 30. Kg1 P@g2 31. N@g3 R@h1+ 32. Nxh1 gxh1=Q+ 33. Bxh1 P@g2 
34. exf8=Q+ Rxf8 35. R@g3 gxh1=Q+ 36. Kxh1 P@g2+ 37. Kg1 Q@h1+ 38. Kf2 N@g4+ 39. Bxg4 
fxg4+ 40. P@f4 Qxd1 41. Bxd1 R@f1+ 42. Ke2 g1=Q 43. Rxg1 Rxg1 44. Ne5 B@b5+ 
45. P@c4 Bxc4+ 46. Kd2 Rd8+ 47. P@d4 Rxd1+ 48. Kxd1 P@e2+ 49. Kc2 Qf5+ 50. P@d3 
Bxd3+ 51. Nxd3 e1=N+ 52. Kb3 Qxd3+ 53. B@c3 B@c2+ 54. Ka3 R@a4# 
{Thufir checkmated} 0-1

[Event "fics rated crazyhouse match"]
[Site "fics, Oklahoma City, OK USA"]
[Date "2000.10.28"]
[White "LINDEGREN"]
[WhiteElo "2395"]
[Black "Thufir"]
[BlackElo "2367"]
[TimeControl "120+0"]
[Result "0-1"]

1. e4 e6 2. Nc3 Nc6 3. d4 Bb4 4. Be3 Nf6 5. Bd3 d5 6. e5 
Ne4 7. Ne2 Bxc3+ 8. bxc3 N@h4 9. O-O f6 10. exf6 Qxf6 11. B@g3 Nxg2 
12. Nf4 Nxf4 13. Bexf4 N@h3+ 14. Kh1 P@g2+ 15. Kxg2 Nxf4+ 16. Bxf4 Qxf4 17. f3 
P@h3+ 18. Kxh3 Ng5+ 19. Kg2 B@h3+ 20. Kg1 B@e3+ 21. P@f2 Nxf3+ 22. Qxf3 Qxf3 
{LINDEGREN resigns} 0-1

[Event "fics rated crazyhouse match"]
[Site "fics, Oklahoma City, OK USA"]
[Date "2000.10.28"]
[White "Thufir"]
[WhiteElo "2376"]
[Black "LINDEGREN"]
[BlackElo "2386"]
[TimeControl "120+0"]
[Result "1-0"]

1. e4 Nf6 2. e5 Nd5 3. d4 e6 4. Nf3 Nc6 5. Be2 Bb4+ 6. c3 
Be7 7. O-O d6 8. c4 Nb6 9. exd6 cxd6 10. Be3 f5 11. Nc3 O-O 
12. d5 exd5 13. cxd5 Nxd5 14. Nxd5 P@e6 15. Nxe7+ Qxe7 16. B@b3 N@e5 17. Ng5 
P@h6 18. Nxe6 Bxe6 19. Bxe6+ Kh8 20. P@d5 f4 21. N@f5 Rxf5 22. Bxf5 fxe3 
23. fxe3 B@g5 24. P@f4 Bh4 25. P@g3 Bxg3 26. hxg3 Ng6 27. dxc6 Nxf4 28. exf4 
P@e3 29. Bxh7 P@f7 30. cxb7 Rf8 31. N@f5 N@f2 32. Nxe7 Nxd1 33. N@g6+ fxg6 
34. Nxg6# 
{LINDEGREN resigns} 1-0

[Event "fics rated crazyhouse match"]
[Site "fics, Oklahoma City, OK USA"]
[Date "2000.10.28"]
[White "LINDEGREN"]
[WhiteElo "2378"]
[Black "Thufir"]
[BlackElo "2384"]
[TimeControl "120+0"]
[Result "1-0"]

1. e4 e6 2. d4 Nc6 3. Be3 Nf6 4. Bd3 d6 5. Nf3 Be7 6. O-O 
Bd7 7. Nc3 Ng4 8. Qe2 e5 9. d5 Nb4 10. Rad1 Nxd3 11. cxd3 c6 
12. N@f5 Bxf5 13. exf5 B@b4 14. dxc6 bxc6 15. B@b7 Bxc3 16. bxc3 O-O 17. Bxc6 
P@f4 18. Bxa8 Qxa8 19. B@h5 Nf6 20. Bxf7+ Rxf7 21. P@g6 hxg6 22. fxg6 Rf8 
23. P@f7+ Kh8 24. P@g5 B@h5 25. gxf6 Bxg6 26. fxg7+ Kxg7 27. Bxf4 P@f6 28. N@e6+ 
Kxf7 29. Nxf8 Qxf8 30. Bg3 B@g4 31. P@d5 P@f4 32. P@e6+ Kg8 33. P@f7+ Kh7 
34. R@h4+ P@h5 35. R@g8 Qxg8 36. fxg8=Q+ Kxg8 37. Rxg4 hxg4 38. B@f7+ Bxf7 39. exf7+ 
Kxf7 40. Bxf4 B@g6 41. B@e6+ Ke8 42. P@d7+ Kf8 43. Nxe5 R@g7 44. Nxg6+ Rxg6 
45. Q@f7# 
{Thufir checkmated} 1-0

[Event "fics rated crazyhouse match"]
[Site "fics, Oklahoma City, OK USA"]
[Date "2000.10.28"]
[White "Thufir"]
[WhiteElo "2376"]
[Black "LINDEGREN"]
[BlackElo "2386"]
[TimeControl "120+0"]
[Result "0-1"]

1. e4 e6 2. d4 Nf6 3. e5 Ne4 4. Be3 d6 5. exd6 Bxd6 6. Nc3 
Bb4 7. Bd3 Nxc3 8. bxc3 Bxc3+ 9. P@d2 Bxa1 10. Qxa1 N@h4 11. B@e4 P@f5 
12. Bf3 P@g4 13. N@h5 Rg8 14. Bb5+ c6 15. Bbxc6+ bxc6 16. P@c7 Qxc7 17. Bg5 
gxf3 18. Bxh4 B@e7 19. Nxf3 P@e4 20. Bxe7 Qxe7 21. P@d6 Qxd6 22. B@e5 Qb4 
23. N@c7+ Kd7 24. Nxa8 R@b1+ 25. Qxb1 Qxb1+ 26. R@d1 Qxd1+ 27. Kxd1 P@e2+ 28. Kxe2 
B@a6+ 29. P@d3 Bxd3+ 30. cxd3 exd3+ 31. Kxd3 Ba6+ 32. P@c4 Bxc4+ 33. Kxc4 Q@c2+ 
34. B@c3 B@b5+ 35. Kb4 Qa4+ 36. Kc5 R@d5# 
{Thufir checkmated} 0-1

[Event "fics rated crazyhouse match"]
[Site "fics, Oklahoma City, OK USA"]
[Date "2000.10.28"]
[White "LINDEGREN"]
[WhiteElo "2394"]
[Black "Thufir"]
[BlackElo "2368"]
[TimeControl "120+0"]
[Result "0-1"]

1. e4 e6 2. d4 d5 3. e5 Nc6 4. Nh3 Nge7 5. Be2 Nf5 6. Be3 
Be7 7. O-O O-O 8. Nc3 f6 9. exf6 Bxf6 10. P@g4 Nxe3 11. fxe3 B@h6 
12. N@f4 P@e5 13. dxe5 Bxe5 14. P@d4 Bexf4 15. Nxf4 Bxf4 16. exf4 N@e3 17. Qd3 
Nxf1 18. Rxf1 P@e4 19. Qe3 e5 20. fxe5 Rxf1+ 21. Bxf1 Bxg4 22. B@g5 Qf8 
23. P@f6 P@f3 24. fxg7 f2+ 25. Qxf2 Qxf2+ 26. Kxf2 N@h1+ 27. Ke1 Q@f2# 
{LINDEGREN checkmated} 0-1

[Event "fics rated crazyhouse match"]
[Site "fics, Oklahoma City, OK USA"]
[Date "2000.10.28"]
[White "Thufir"]
[WhiteElo "2377"]
[Black "LINDEGREN"]
[BlackElo "2385"]
[TimeControl "120+0"]
[Result "1-0"]

1. e4 e6 2. d4 b6 3. Nc3 Bb7 4. Nf3 Nf6 5. Bd3 Bb4 6. Bg5 
h6 7. Bh4 Be7 8. e5 Nd5 9. Bxe7 Qxe7 10. Nxd5 Bxd5 11. N@h5 f6 
12. B@g6+ Kd8 13. exf6 gxf6 14. P@g7 Rg8 15. Bh7 Rxg7 16. Nxg7 Qxg7 17. R@g8+ 
Qxg8 18. Bxg8 R@f8 19. Q@g7 B@e7 20. Bgh7 N@f4 21. Rg1 Nc6 22. Qxh6 Nxd3+ 
23. Bxd3 N@f7 24. Qh7 B@f5 25. Bxf5 exf5 26. P@g7 B@a6 27. gxf8=Q+ Bxf8 28. B@d3 
Bxd3 29. cxd3 P@e4 30. Qxf5 B@e6 31. Qxf6+ P@e7 32. P@b7 Rb8 33. B@a6 d6 
34. Qxf7 Bxf7 35. R@c8+ Kd7 36. Rxb8 Nxb8 37. P@c6+ Nxc6 38. N@e5+ dxe5 39. Nxe5+ 
Nxe5 40. b8=N+ Kd6 41. P@c5+ Ke6 42. dxe5 
{LINDEGREN forfeits on time} 1-0

[Event "fics rated crazyhouse match"]
[Site "fics, Oklahoma City, OK USA"]
[Date "2000.10.28"]
[White "LINDEGREN"]
[WhiteElo "2377"]
[Black "Thufir"]
[BlackElo "2385"]
[TimeControl "120+0"]
[Result "1-0"]

1. e4 e6 2. d4 Nc6 3. Be3 d5 4. e5 Nge7 5. Nh3 Nf5 6. Bd3 
Nxe3 7. fxe3 B@e4 8. O-O Be7 9. Nc3 Bxd3 10. cxd3 B@f5 11. N@h5 Rg8 
12. B@g4 f6 13. Bxf5 exf5 14. Nxd5 fxe5 15. dxe5 Qxd5 16. B@c4 Qxe5 17. P@f7+ 
Kd7 18. fxg8=Q Qxe3+ 19. R@f2 Qe5 20. Qe6+ Qxe6 21. Bxe6+ Kxe6 22. N3f4+ Kf7 
23. P@e6+ Bxe6 24. Nxe6 B@e3 25. Nexg7 B@d5 26. P@e6+ Bxe6 27. Nxe6 Rg8 28. B@g3 
Kxe6 29. Qe2 P@d4 30. B@b3+ Kd7 31. Bxg8 N@g5 32. Kh1 P@h3 33. Rxf5 hxg2+ 
34. Qxg2 N@d8 35. P@e6+ Ngxe6 36. Bxe6+ Nxe6 37. P@d5 Ncd8 38. dxe6+ Nxe6 39. N@e5+ 
Kc8 40. R@a8+ B@b8 41. Q@d7# 
{Thufir checkmated} 1-0

[Event "fics rated crazyhouse match"]
[Site "fics, Oklahoma City, OK USA"]
[Date "2000.10.28"]
[White "Thufir"]
[WhiteElo "2377"]
[Black "LINDEGREN"]
[BlackElo "2385"]
[TimeControl "120+0"]
[Result "1-0"]

1. e4 Nf6 2. e5 Ne4 3. d4 d6 4. exd6 cxd6 5. P@f3 Nf6 6. Nc3 
Nc6 7. Bb5 e6 8. Nge2 Bd7 9. O-O Be7 10. Bg5 O-O 11. Nf4 h6 
12. Bxf6 Bxf6 13. d5 exd5 14. Ncxd5 B@e5 15. Nh5 Nd4 16. Bxd7 Qxd7 17. P@f4 
P@e2 18. fxe5 Bxe5 19. N@f6+ Kh8 20. Nxd7 exd1=Q 21. Raxd1 P@e2 22. N7f6 exf1=Q+ 
23. Rxf1 Q@g6 24. B@d3 B@f5 25. Bxf5 Nxf5 26. B@e4 P@e2 27. Re1 R@d1 28. Q@c1 
Rxc1 29. Rxc1 gxf6 30. P@g7+ Qxg7 31. Nxg7 Q@g6 32. Nxf5 N@h3+ 33. Kh1 Nxf2+ 
34. Kg1 Nh3+ 35. Kh1 P@f2 36. P@g7+ Qxg7 37. N@g6+ Qxg6 38. R@f1 exf1=Q+ 39. Rxf1 
{LINDEGREN forfeits on time} 1-0

[Event "fics rated crazyhouse match"]
[Site "fics, Oklahoma City, OK USA"]
[Date "2000.10.28"]
[White "LINDEGREN"]
[WhiteElo "2377"]
[Black "Thufir"]
[BlackElo "2385"]
[TimeControl "120+0"]
[Result "1-0"]

1. e4 e6 2. Nc3 Nc6 3. d4 Bb4 4. a3 Bxc3+ 5. bxc3 d5 6. e5 
Nge7 7. Nh3 Nf5 8. Bd3 Nh4 9. O-O N@e4 10. B@g5 Nxg5 11. Bxg5 B@e7 
12. Bxh4 Bxh4 13. N@h5 Rg8 14. Bxh7 B@e7 15. Bxg8 Kd7 16. Bxf7 Qf8 17. Bxe6+ 
Kxe6 18. N3f4+ Kd7 19. e6+ Ke8 20. P@f7+ Kd8 21. R@e8+ Qxe8 22. fxe8=Q+ Kxe8 
23. P@f7+ Kf8 24. Q@e8# 
{Thufir checkmated} 1-0

[Event "fics rated crazyhouse match"]
[Site "fics, Oklahoma City, OK USA"]
[Date "2000.10.28"]
[White "Thufir"]
[WhiteElo "2377"]
[Black "LINDEGREN"]
[BlackElo "2385"]
[TimeControl "120+0"]
[Result "1-0"]

1. e4 Nf6 2. e5 Nd5 3. d4 e6 4. Nf3 d6 5. Be2 Nc6 6. O-O 
Be7 7. c4 Nb6 8. exd6 cxd6 9. Be3 f5 10. Nc3 O-O 11. d5 Ne5 
12. Nxe5 dxe5 13. dxe6 Bxe6 14. P@h6 Bf6 15. hxg7 Bxg7 16. P@h6 Qe7 17. P@d6 
Qf7 18. N@g5 Qg6 19. Nxe6 Qxe6 20. Bxb6 N@f4 21. hxg7 Kxg7 22. B@d5 Qg6 
23. N@e6+ Nxe6 24. Bxe6 N@h3+ 25. Kh1 Qxg2+ 26. Kxg2 Nf4+ 27. Kf3 P@e4+ 28. Ke3 
Nxe6 29. N@h5+ Kh8 30. Ba5 B@h6+ 31. f4 exf4+ 32. Kd2 f3+ 33. B@f4 Nxf4 
34. Q@e5+ B@g7 35. Nxg7 Bxg7 36. Qxf4 fxe2 37. Qxe2 P@d4 38. Nd5 P@c3+ 39. bxc3 
dxc3+ 40. Bxc3 Bxc3+ 41. Nxc3 B@g7 42. P@e5 P@d4 43. Nd5 
{LINDEGREN forfeits on time} 1-0

[Event "fics rated crazyhouse match"]
[Site "fics, Oklahoma City, OK USA"]
[Date "2000.10.28"]
[White "LINDEGREN"]
[WhiteElo "2377"]
[Black "Thufir"]
[BlackElo "2385"]
[TimeControl "120+0"]
[Result "1-0"]

1. e4 e6 2. d4 Nc6 3. Be3 Nf6 4. Bd3 d6 5. Nf3 Be7 6. O-O 
Ng4 7. Nc3 e5 8. d5 Nb4 9. Qe2 Nxd3 10. cxd3 c6 11. N@h5 Rg8 
12. d4 cxd5 13. Nxd5 P@f4 14. Bxf4 exf4 15. Nhxf4 B@e6 16. P@f5 Bxd5 17. Nxd5 
B@c6 18. Nxe7 Qxe7 19. B@g3 Bxe4 20. P@e6 Bxf3 21. Qxf3 fxe6 22. B@h5+ Kd8 
23. Bxg4 exf5 24. Bxf5 Bxf5 25. Qxf5 B@d7 26. P@c7+ Kc8 27. Qf3 P@g4 28. Qb3 
P@f3 29. B@a6 N@e2+ 30. Bxe2 fxe2 31. Qxg8+ Be8 32. N@d5 N@h3+ 33. Kh1 exf1=Q+ 
34. Rxf1 Kd7 35. Nxe7 P@f3 36. B@f5+ Kxc7 37. N@d5+ Kb8 38. Q@c7# 
{Thufir checkmated} 1-0

[Event "fics rated crazyhouse match"]
[Site "fics, Oklahoma City, OK USA"]
[Date "2000.10.28"]
[White "Thufir"]
[WhiteElo "2377"]
[Black "LINDEGREN"]
[BlackElo "2385"]
[TimeControl "120+0"]
[Result "0-1"]

1. e4 e6 2. d4 Nf6 3. e5 Nd5 4. Nf3 d6 5. Be2 Nc6 6. O-O 
Bd7 7. c4 Be7 8. exd6 Bxd6 9. cxd5 exd5 10. P@e5 Be7 11. Nc3 P@e4 
12. Ne1 Be6 13. N@h5 Rg8 14. Bb5 a6 15. Bxc6+ bxc6 16. f3 exf3 17. Nxf3 
B@g4 18. Nf4 Bxf3 19. Qxf3 N@g5 20. Qf2 P@f5 21. P@h4 Ne4 22. Nxe4 dxe4 
23. Nxe6 fxe6 24. B@g5 N@d3 25. B@h5+ P@g6 26. Qe3 gxh5 27. Bxe7 Qxe7 28. B@b7 
N@g4 29. Bxc6+ B@d7 30. Bxd7+ Qxd7 31. P@b7 Rd8 32. Qg5 B@e7 33. Qxh5+ B@g6 
34. P@f7+ Bxf7 35. Qxh7 P@e2 36. Be3 exf1=Q+ 37. Rxf1 Nxe3 38. P@g6 Qxd4 39. B@c6+ 
Rd7 40. b8=Q+ R@d8 41. gxf7+ Kxf7 42. B@h5+ Kf8 43. N@g6+ Kf7 44. Nxe7+ Kxe7 
45. N@g6+ Kf7 46. Nf4+ Ke7 47. P@d6+ cxd6 48. exd6+ Qxd6 49. B@g5+ P@f6 50. Qxd6+ 
Kxd6 51. Q@a3+ Kc7 52. Nxd3 P@b6 53. P@b5 P@f2# 
{Thufir forfeits on time} 0-1

[Event "fics rated crazyhouse match"]
[Site "fics, Oklahoma City, OK USA"]
[Date "2000.10.28"]
[White "LINDEGREN"]
[WhiteElo "2393"]
[Black "Thufir"]
[BlackElo "2369"]
[TimeControl "120+0"]
[Result "1-0"]

1. e4 e6 2. d4 Nc6 3. Be3 d5 4. e5 Nge7 5. Nh3 Nf5 6. Bd3 
Nxe3 7. fxe3 B@g6 8. O-O Be7 9. Nc3 f6 10. exf6 Bxf6 11. N@h5 Bxh5 
12. Qxh5+ P@f7 13. Bxh7 Qe7 14. P@g6 Rf8 15. gxf7+ Kd8 16. P@g5 Bxd4 17. exd4 
Nxd4 18. P@f6 Qxf7 19. B@e7+ Kd7 20. Bxf8 Qxh5 21. B@g6 Qg4 22. R@g3 N@e2+ 
23. Nxe2 Nxe2+ 24. Kh1 Nxg3+ 25. hxg3 P@f3 26. N@e5+ Kd8 27. Be7# 
{Thufir checkmated} 1-0